 Dungeon Crawl Stone Soup version 0.17-a0-1951-g62301d3 (webtiles) character file.

35 bladedpenguin the Gusty (level 3, -4/17 HPs)
             Began as a Vine Stalker Air Elementalist on Oct 2, 2015.
             Slain by a worm (8 damage)
             ... on level 2 of the Dungeon.
             The game lasted 00:03:03 (1128 turns).

bladedpenguin the Gusty (VSAE)                      Turns: 1128, Time: 00:03:04

Health: -4/17      AC:  2    Str: 10    XL:     3   Next: 35%
Magic:  0/7        EV: 14    Int: 16    God:
Gold:   44         SH:  5    Dex: 14    Spells: 1 memorised, 6 levels left

rFire  . . .     SeeInvis .     d - +1 dagger (holy)
rCold  . . .     Clarity  .     a - +0 robe
rNeg   . . .     SustAt   .     m - -1 shield (curse)
rPois  .         Gourm    .     (no helmet)
rElec  .         Spirit   +     (no cloak)
rCorr  .         Warding  .     (no gloves)
rMut   .         Stasis   .     (no boots)
MR     .....                    (no amulet)
Stlth  ++........               (no ring)
                                h - +5 ring of evasion

@: very slightly contaminated, not resistant to hostile enchantments, unstealthy
A: fangs 2, regeneration 1, magic shield, antimagic bite, no device heal 3, rot
immunity
a: no special abilities


You were on level 2 of the Dungeon.
You were hungry.

You visited 1 branch of the dungeon, and saw 2 of its levels.

You collected 44 gold pieces.

Inventory:

Hand weapons
 d - a +1 dagger of holy wrath (weapon)
Missiles
 k - 32 poisoned needles
Armour
 a - a +0 robe (worn)
 m - a cursed -1 shield (worn)
Jewellery
 h - a +5 ring of evasion (left hand)
Scrolls
 i - 2 scrolls of enchant armour {unknown}
 j - a scroll of teleportation {unknown}
 l - a scroll of immolation {unknown}
Potions
 e - a potion of brilliance {unknown}
 g - a potion of curing
 n - a potion of flight {unknown}
Books
 b - a book of Air

   Spells                             Type                      Level
   a - Shock                          Conjuration/Air              1
   b - Swiftness                      Charms/Air                   2
   c - Repel Missiles                 Charms/Air                   2
   d - Static Discharge               Conjuration/Air              3
   e - Lightning Bolt                 Conjuration/Air              5
Comestibles
 c - a bread ration
 f - a beef jerky


   Skills:
 + Level 0.3 Fighting
 + Level 0.1 Short Blades
 + Level 2.0 Dodging
 + Level 2.7 Stealth
 + Level 2.5 Spellcasting
 + Level 1.0 Conjurations
 + Level 3.4 Air Magic


You had 6 spell levels left.
You knew the following spells:

 Your Spells              Type           Power        Failure   Level  Hunger
a - Shock                 Conj/Air       #...         67%         1    #......


Dungeon Overview and Level Annotations

Branches:
Dungeon (2/15)

Altars:


Innate Abilities, Weirdness & Mutations

You have extremely sharp teeth.
Your natural rate of healing is unusually fast.
When hurt, damage is shared between your health and your magic reserves.
Your bite disrupts and absorbs the magic of your enemies.
Potions and wands cannot restore your health.
You are immune to rotting.


Message History

Press: ? - help, Shift-Dir - straight line The zap hits the worm.
The worm is severely wounded.
The zap hits the worm.
The worm is severely wounded.
Casting: Shock
Confirm with . or Enter, or press ? or * to list all spells.
You don't have enough magic to cast that spell.
You hit the worm. You bite the worm. You drain its power.
You feel invigorated.
The worm is almost dead.
The worm bites you!
* * * LOW HITPOINT WARNING * * *
Your shield prevents you from hitting the worm.
Your bite misses the worm.
The worm is almost dead.
You block the worm's attack.
You hit the worm.
The worm is almost dead.
The worm bites you!
You die...

###.#####....#.# .
.. ..#.##.......#.#
. ...
#.#..........#.# .
...# #!#.##.......#
..... #.#...........
...#.##.#.##........
#.........##....###.
...........######
.....$..w@.#
......#.#..#
......#.#..# .....
#.#..# ....# #.#..#
#.## #.#..#
#.#.....#..#
#..........#
#.#.#####.


You could see a worm.

Vanquished Creatures
  3 giant geckos (D:1)
  3 bats
  A giant cockroach (D:1)
  4 goblins (D:1)
  5 hobgoblins (D:1)
  3 giant newts
  6 kobolds
  8 rats (D:1)
33 creatures vanquished.

Notes
Turn   | Place    | Note
--------------------------------------------------------------
     0 | D:1      | bladedpenguin the Vine Stalker Air Elementalist began the quest for the Orb.
     0 | D:1      | Reached XP level 1. HP: 9/9 MP: 4/4
   257 | D:1      | Reached XP level 2. HP: 13/13 MP: 6/6
   686 | D:1      | Reached XP level 3. HP: 14/16 MP: 7/7
  1128 | D:2      | Slain by a worm

Vault maps used:
D:1:      dpeg_arrival_ratfight
D:2:      lemuel_round_altar, serial_forest, infiniplex_forest_clump_diagonal,
          infiniplex_forest_straight_3, infiniplex_forest_straight_1,
          infiniplex_forest_end_2, infiniplex_forest_clump_C,
          infiniplex_forest_side_room, infiniplex_forest_lined_3_way

Action                   || total
-------------------------++-------
Melee: Dagger            ||    63
       Unarmed           ||     6
 Cast: Shock             ||    11
  Use: Potion            ||     1
       Scroll            ||     1
 Stab: Sleeping          ||     4
